Map: Neon Violet Square LE

Players

Alex

  • Race: Terran Terran
  • League: Silver
  • Spawn Location: 11:00

GangusKaun - Winner!

  • Race: Protoss Protoss
  • League: Gold
  • Spawn Location: 5:00

VOD

Have the link to the VOD?

Description

Time

  • Played on: Dec. 6, 2024, 4:04 p.m.
  • Length: 7:02
Show
View Real Time Build Order
Export as new Build Order

Alex Terran 

Build Orders:  

Get SALT Encoding   

  12  0:00  SCV  
  13  0:15  Supply Depot  
  13  0:21  Refinery  
  13  0:25  SCV  
  14  0:37  SCV  
  15  0:46  Barracks  
  15  0:50  SCV  
  16  1:02  SCV  
  17  1:15  SCV  
  18  1:29  SCV  
  19  1:41  Marine  
  19  1:42  Command Center  
  20  1:52  Supply Depot  
  20  1:55  SCV  
  20  2:00  Barracks Reactor  
  21  2:07  SCV  
  22  2:19  Factory  
  22  2:23  SCV  
  23  2:37  SCV  
  23  2:38  Marine  
  23  2:39  Marine  
  26  2:47  Barracks  
  26  2:49  Orbital Command  
  26  2:56  SCV  
  27  2:59  Marine  
  27  3:04  Factory Tech Lab  
  28  3:10  Barracks  
  28  3:11  SCV  
  29  3:19  Refinery  
  29  3:24  Orbital Command  
  29  3:30  SCV  
  29  3:33  Factory Tech Lab  
  30  3:38  Marine  
  31  3:45  Stimpack  
  31  3:52  SCV, Starport  
  32  3:58  SCV, Marine x2  
  35  4:04  Factory Reactor  
  35  4:06  Engineering Bay  
  35  4:11  Supply Depot  
  35  4:12  Marine x2  
  35  4:15  Combat Shield  
  37  4:19  SCV  
  37  4:21  SCV  
  39  4:24  Marine  
  40  4:32  Marine x3  
  40  4:33  SCV  
  40  4:34  SCV  
  40  4:37  Terran Infantry Weapons Level 1  
  45  4:43  Supply Depot  
  45  4:49  SCV x2  
  45  4:51  Marine, Factory Tech Lab  
  48  4:55  Medivac  
  50  5:00  Marine x3  
  50  5:04  Medivac  
  55  5:11  SCV x2  
  55  5:14  Marine  
  58  5:16  Supply Depot  
  58  5:22  Siege Tank  
  58  5:24  SCV  
  62  5:33  SCV  
  62  5:34  Bunker  
  62  5:35  Marine  
  62  5:37  Marine x2  
  62  5:38  Supply Depot  
  61  5:47  Marine  
  61  5:53  Marine  
  61  5:55  Marine x2  
  64  6:01  Refinery  
  64  6:02  Refinery  
  64  6:06  Marine  
Show
View Real Time Build Order
Export as new Build Order

GangusKaun Protoss - Winner!

Build Orders: 1 Gate Expand 

Get SALT Encoding   

  12  0:10  Probe  
  12  0:11  Pylon  
  13  0:18  Probe  
  13  0:27  Probe  
  15  0:36  Gateway  
  15  0:44  Assimilator  
  15  0:45  Probe  
  16  0:58  Probe  
  17  1:10  Probe  
  18  1:28  Cybernetics Core  
  18  1:35  Nexus  
  18  1:42  Probe  
  20  1:54  Probe  
  20  1:55  Pylon  
  20  1:57  Adept  
  20  1:58  Assimilator  
  22  2:10  Warp Gate  
  22  2:15  Probe  
  23  2:26  Adept  
  23  2:27  Probe  
  26  2:39  Probe  
  27  2:44  Probe  
  28  2:52  Probe  
  29  2:58  Robotics Facility  
  29  3:03  Adept  
  29  3:04  Probe  
  32  3:10  Gateway  
  32  3:12  Gateway  
  32  3:18  Probe  
  33  3:21  Probe, Shield Battery  
  34  3:45  Probe x2  
  34  3:48  Warp Prism  
  38  3:58  Twilight Council  
  38  4:02  Gateway  
  38  4:06  Probe x2  
  38  4:07  Pylon  
  40  4:13  Assimilator  
  40  4:16  Assimilator  
  40  4:19  Pylon  
  40  4:20  Probe  
  41  4:29  Probe  
  42  4:32  Probe  
  43  4:43  Dark Shrine, Pylon  
  43  4:47  Gateway  
  43  4:51  Gateway  
  43  4:54  Probe  
  43  4:57  Shield Battery  
  44  5:00  Blink  
  44  5:39  Probe x2  
  40  5:51  Probe x2  
  40  5:56  Dark Templar x3  
  40  5:57  Dark Templar x2  
  50  6:03  Probe x2  
  54  6:18  Immortal, Probe x2  
  56  6:22  Stalker  
  62  6:34  Zealot x4  
  62  6:58  Stalker x3  
  62  6:59  Stalker  
Tags
 
Add a new tag
Caveats
  • Supply blocks, unpowered buildings, or Contaminate may cause inaccurate times.
  • Supply counts are checked every 10 seconds.